 Dungeon Crawl Stone Soup version 0.20-a0-700-gbd4582c (webtiles) character file.

204 esteth the Changer (level 5, -2/37 HPs)
             Began as a Merfolk Transmuter on Feb 20, 2017.
             Was a Follower of Cheibriados.
             Slain by a sky beast (5 damage)
             ... on level 4 of the Dungeon.
             The game lasted 00:07:52 (3469 turns).

esteth the Changer (Merfolk Transmuter)             Turns: 3469, Time: 00:07:53

Health: -2/37      AC:  2    Str: 12 (13) XL:     5   Next: 82%
Magic:  6/8        EV: 21    Int: 15      God:    Cheibriados [*.....]
Gold:   156        SH:  0    Dex: 21      Spells: 2/8 levels left

rFire    . . .     SeeInvis .     - Unarmed
rCold    . . .     Gourm    .   (armour currently unavailable)
rNeg     . . .     Faith    .   (shield currently unavailable)
rPois    x         Spirit   .   (helmet currently unavailable)
rElec    .         Reflect  .   (cloak currently unavailable)
rCorr    .         Harm     .   (gloves currently unavailable)
MR       .....                  (boots currently unavailable)
Stlth    ++........             (no amulet)
Regen    0.2/turn               (no ring)
MPRegen  0.2/turn               (no ring)

@: spider-form, very slow
A: (change form in water), (swift swim), (stealthy swim)
a: End Transformation, Bend Time, Renounce Religion


You were on level 4 of the Dungeon.
You worshipped Cheibriados.
Cheibriados was aware of your devotion.
You were not hungry.
You were a venomous arachnid creature.
You visited 1 branch of the dungeon, and saw 4 of its levels.

You collected 156 gold pieces.

Inventory:

Missiles
 a - 21 arrows (quivered)
Armour
 b - a +0 robe (melded)
Scrolls
 e - 2 scrolls of enchant armour {unknown}
 g - a scroll of blinking {unknown}
 i - a scroll of fear {unknown}
 j - 2 scrolls of remove curse
 k - 2 scrolls of identify
 l - 3 scrolls of enchant weapon {unknown}
 m - 2 scrolls of fog {unknown}
 n - a scroll of magic mapping {unknown}
 p - a scroll of teleportation {unknown}
 r - a scroll of noise {unknown}
Potions
 h - a potion of curing {unknown}
Books
 c - a book of Changes

   Spells                             Type                      Level
   a - Beastly Appendage              Transmutation                1
   b - Sticks to Snakes               Transmutation                2
   c - Spider Form                    Transmutation/Poison         3
   d - Ice Form                       Ice/Transmutation            4
   e - Blade Hands                    Transmutation                5
Comestibles
 d - a bread ration
 o - a meat ration


   Skills:
 - Level 1.1 Fighting
 - Level 2.6 Dodging
 - Level 5.1 Unarmed Combat
 + Level 2.0 Spellcasting
 - Level 6.0 Transmutations


You had 2 spell levels left.
You knew the following spells:

 Your Spells              Type           Power        Failure   Level  Hunger
a - Beastly Appendage     Tmut           ###...       8%          1    #......
b - Sticks to Snakes      Tmut           ###.....     10%         2    ###....
c - Spider Form           Tmut/Pois      ##........   41%         3    ###....


Dungeon Overview and Level Annotations

Branches:
Dungeon (4/15)
 Temple: D:4-7

Altars:
Cheibriados
Dithmenos
The Shining One


Message History

Okay, then.
Okay, then.
Okay, then.
Casting: Beastly Appendage
Confirm with . or Enter, or press ? or * to list all spells.
Okay, then.
Casting: Beastly Appendage
Confirm with . or Enter, or press ? or * to list all spells.
You turn into a venomous arachnid creature.
Your +0 robe melds into your body.
The sky beast completely misses you. The sky beast barely misses you.
The sky beast flickers out of sight!
Deactivating autopickup; reactivate with Ctrl-A.
Something closely misses you.
A sky beast appears from thin air!
Reactivating autopickup.
The sky beast hits you.
* * * LOW HITPOINT WARNING * * *
The sky beast shocks you.
You die...

.#.....#.### ...
.#.....#...## ...#
....##......# ...#
###.#######.### ....
#.## #...#####?#
#..#######....##..#
##.....###..#....# .
#...####.##........#
.# ###.#
#........s..###.#
#.#####..##.###Y.#...#
#.##....###>.......##
#....#### ####......#
#..#### #....#......
#.....# #.#..##.####
###.#.#.# #.#........
....#.._.. #.#.####..#
#######.#.#####.#.# .#


You could see a sky beast.

Vanquished Creatures
  An ogre (D:3)
  A crimson imp (D:4)
  3 adders (D:2)
  2 dart slugs
  2 ball pythons (D:1)
  2 giant cockroaches
  5 goblins
  8 hobgoblins
  3 jackals (D:2)
  8 bats
  3 frilled lizards
  5 kobolds
  A leopard gecko skeleton (D:4)
  13 rats
57 creatures vanquished.

Notes
Turn   | Place    | Note
-------+----------+-------------------------------------------
     0 | D:1      | esteth the Merfolk Transmuter began the quest for the Orb.
     0 | D:1      | Reached XP level 1. HP: 15/15 MP: 3/3
   390 | D:1      | Reached XP level 2. HP: 21/21 MP: 5/5
  1213 | D:2      | Reached XP level 3. HP: 19/26 MP: 6/6
  1351 | D:2      | Found a snail-covered altar of Cheibriados.
  1438 | D:2      | Became a worshipper of Cheibriados the Contemplative
  1691 | D:2      | Reached skill level 5 in Unarmed Combat
  2118 | D:2      | Learned a level 2 spell: Sticks to Snakes
  2160 | D:2      | Reached XP level 4. HP: 32/32 MP: 7/7
  2269 | D:2      | Reached skill level 3 in Transmutations
  2647 | D:3      | Noticed an ogre
  2669 | D:3      | Killed an ogre
  2669 | D:3      | Reached skill level 5 in Transmutations
  2669 | D:3      | Reached XP level 5. HP: 6/37 MP: 8/8
  2929 | D:3      | Learned a level 3 spell: Spider Form
  2992 | D:3      | Reached * piety under Cheibriados
  3060 | D:3      | Found a glowing golden altar of the Shining One.
  3327 | D:4      | Found a shadowy altar of Dithmenos.
  3396 | D:4      | Reached skill level 6 in Transmutations
  3447 | D:4      | Noticed a sky beast
  3469 | D:4      | Slain by a sky beast

Vault maps used:
D:1:      noname_arrival_rooms_in_the_neighbourhood
D:2:      marbit_many_paths
D:3:      lemuel_crystal_altar, serial_park_tiny_2
D:4:      nicolae_gozag_cash_rules_everything_around_me, lemuel_crystal_altar

Skill      XL: |  1  2  3  4  5 |
---------------+----------------+-----
Unarmed Combat | 4 5 |  5.1
Transmutations | 5 6 |  6.0
Fighting       | |  1.1
Dodging        | |  2.6
Spellcasting   | |  2.0

Action                   |  1- 3 |  4- 6 || total
-------------------------+-------+-------++-------
Melee: Unarmed           |   135 |    58 ||   193
       Punch             |     4 |     2 ||     6
 Cast: Beastly Appendage |     1 |       ||     1
       Spider Form       |       |     1 ||     1
  Use: Potion            |       |     4 ||     4
       Scroll            |       |     2 ||     2
 Stab: Sleeping          |     4 |     2 ||     6
  Eat: Chunk             |     4 |     4 ||     8
Armor: Robe              |    18 |     4 ||    22
Dodge: Dodged            |    86 |    41 ||   127
